 Dungeon Crawl Stone Soup version 0.29-a0-340-g6efceafd81 (console) character file.

Game seed: 14373833556367594158

130 nama the Bolt Thrower (level 4, 0/40 HPs)
             Began as a Demigod Wanderer on Apr 19, 2022.
             Succumbed to Crazy Yiuf's poison
             ... on level 2 of the Dungeon.
             The game lasted 00:03:07 (1685 turns).

nama the Bolt Thrower (Demigod Wanderer)            Turns: 1685, Time: 00:03:08

Health: 0/40       AC:  8    Str: 22    XL:     4   Next: 59%
Magic:  8/8        EV:  7    Int: 14    God:
Gold:   127        SH:  5    Dex: 14    Spells: 4/5 levels left

rFire   . . .      SeeInvis .   m - +5 dagger (venom)
rCold   . . .      Faith    .   (no shield)
rNeg    . . .      Spirit   .   o - +0 chain mail
rPois   .          Reflect  +   (no helmet)
rElec   .          Harm     .   (no cloak)
rCorr   .          Rampage  .   (no gloves)
Will    .....                   (no boots)
Stlth   ..........              k - amulet of reflection
HPRegen 0.13/turn               g - +6 ring of strength
MPRegen 0.11/turn               (no ring)

@: brilliant, lethally poisoned (0 -> -1)
A: high MP 1, forlorn, divine attributes
a: no special abilities


You were on level 2 of the Dungeon.
You visited 1 branch of the dungeon, and saw 2 of its levels.

You collected 127 gold pieces.

Inventory:

Hand Weapons
 m - a +5 dagger of venom (weapon)
Armour
 d - a +0 robe
 o - a +0 chain mail (worn)
Jewellery
 g - a +6 ring of strength (left hand)
 k - an amulet of reflection (around neck)
Wands
 b - a wand of flame (6)
Scrolls
 f - a scroll of immolation
 j - a scroll of vulnerability
 l - a scroll of identify
Potions
 h - 2 potions of attraction
 i - a potion of brilliance


   Skills:
 + Level 3.8 Fighting
 - Level 4.5 Crossbows
 * Level 1.8 Armour
 - Level 1.0 Spellcasting
 - Level 1.7 Necromancy
 - Level 1.0 Evocations


You had 4 spell levels left.
You knew the following spells:

 Your Spells              Type           Power      Damage    Failure   Level
a - Animate Skeleton      Necr           16%        N/A       75%         1

Your spell library contained the following spells:

 Spells                   Type           Power      Damage    Failure   Level
 Vampiric Draining        Necr           8%         2d6       98%         3


Dungeon Overview and Level Annotations

Branches:
Dungeon (2/15)

Shops:
D:2 =


Innate Abilities, Weirdness & Mutations

You have an increased reservoir of magic. (+10% MP)
You shall have no god before yourself.
Your divine heritage dramatically boosts your attributes as you level up.


Message History

Crazy Yiuf barely misses you. Crazy Yiuf attacks as you move away!
Crazy Yiuf hits you with a +4 quarterstaff of chaos!
You are lethally poisoned!
* * * LOW HITPOINT WARNING * * *
You feel very sick.
Crazy Yiuf screams, "Fluff!"
* * * LOW HITPOINT WARNING * * *
You feel very sick.
You hit Crazy Yiuf.
You kill Crazy Yiuf!
* * * LOW HITPOINT WARNING * * *
You feel sick.
Okay, then.
As you read the scroll labelled FUCLAZE BAOWU, it crumbles to dust.
The scroll dissolves into smoke.
It was a scroll of fog.
* * * LOW HITPOINT WARNING * * *
You feel sick.
As you read the scroll labelled GOS FINIRUEZO, it crumbles to dust.
It is a scroll of enchant weapon.
Your +4 dagger of venom glows red for a moment.
* * * LOW HITPOINT WARNING * * *
You feel sick.
As you read the scroll labelled FOTSUI YPOIXE, it crumbles to dust.
Wisps of shadow whirl around you...
It was a scroll of summoning.
* * * LOW HITPOINT WARNING * * *
You feel sick.
There is a lethal amount of poison in your body!
There is a lethal amount of poison in your body!
Really quaff the potion of attraction?
Okay, then.
You feel clever all of a sudden.
* * * LOW HITPOINT WARNING * * *
You feel sick.
There is a lethal amount of poison in your body!
* * * LOW HITPOINT WARNING * * *
You feel sick.
* * * LOW HITPOINT WARNING * * *
You feel sick.
You die...

.................#...............
...#############.................
....## #######.>.............
.#...#######.................†###
.##.......################.#.....
..........# #.......
.####.##..##♣♣♣♣♣ #.....†.
...##....)..P.♣h♣♣♣ ### #..##.##
##....###..).P.♣@S♣#...# #.......
#####.......P.♣♣♣♣S'...# ##......
..##......)..♣♣ ♣♣#..)# #.......
.........###♣♣ ### #.......
........∩# ##...... ....)....##
####.#.
..........################ #.#.
..>.)...#..........##.##^## #.#.
..##...##..........##.....####.#.


You could see a friendly adder (summoned), a friendly jackal (summoned) and a
friendly ball python (summoned).

Vanquished Creatures
  Crazy Yiuf (D:2)
  Jessica (D:2)
  4 adders (D:2)
  A worm (D:2)
  A ball python (D:2)
  6 endoplasms
  4 goblins
  2 hobgoblins
  4 quokkas (D:2)
  7 bats
  4 kobolds
  4 rats
39 creatures vanquished.

Notes
Turn   | Place    | Note
-------+----------+-------------------------------------------
     0 | D:1      | nama the Demigod Wanderer began the quest for the Orb.
     0 | D:1      | nama set off with the following items: a +2 hand crossbow,
                  | a wand of flame (6), a potion of haste, a +0 robe; and the
                  | following spell memorised: Animate Skeleton; and the
                  | following spells available to memorise: Vampiric Draining
     0 | D:1      | Reached XP level 1. HP: 14/14 MP: 4/4
    91 | D:1      | Reached skill level 1 in Fighting
   349 | D:1      | Reached XP level 2. HP: 23/23 MP: 5/5
  1003 | D:2      | Reached XP level 3. HP: 30/30 MP: 6/6
  1020 | D:2      | Found Mywny's Jewellery Emporium.
  1421 | D:2      | Noticed Jessica
  1424 | D:2      | Killed Jessica
  1465 | D:2      | Found a runed translucent door.
  1466 | D:2      | Noticed Crazy Yiuf
  1502 | D:2      | Reached XP level 4. HP: 37/39 MP: 8/8
  1678 | D:2      | Killed Crazy Yiuf
  1682 | D:2      | HP: 2/40 [poisoned by Crazy Yiuf]
  1685 | D:2      | Succumbed to Crazy Yiuf's poison

Illustrated notes

Levels and vault maps discovered:
D:1:      mrwooster_arrival_arrow, layout_loops_ring, serial_forest,
          infiniplex_forest_straight_4, infiniplex_forest_zigzag_1,
          infiniplex_forest_lined_3, infiniplex_forest_clump_large,
          infiniplex_forest_clump_double, infiniplex_forest_straight_3,
          roderic_lattice_a, hangedman_decor_points, chequers_garden,
          serial_bayou_pond_e, minmay_tromino_i2
D:2:      layout_rooms, serial_shops, shop, uniq_jessica,
          uniq_crazy_yiuf_cottage

Skill      XL: |  1  2  3 |
---------------+----------+-----
Fighting       | 1 2 3 |  3.8
Crossbows      | |  4.5
Armour         | |  1.8
Spellcasting   | |  1.0
Necromancy     | |  1.7
Evocations     | |  1.0

Action                   |  1- 3 |  4- 6 || total
-------------------------+-------+-------++-------
Melee: Dagger            |     4 |    19 ||    23
 Fire: Hand crossbow     |    83 |       ||    83
  Use: Scroll            |     4 |     3 ||     7
       Potion            |     1 |     1 ||     2
Armor: Robe              |    17 |       ||    17
       Chain mail        |       |    12 ||    12
Dodge: Dodged            |    36 |     4 ||    40
Block: Other             |    14 |     2 ||    16

Table legend: (Time is in decaauts)
 A = Elapsed time spent in this place.
 B = Non-inter-level travel time spent in this place.
 C = Inter-level travel time spent in this place.
 D = Time resting spent in this place.
 E = Time spent auto-exploring this place.
 F = Levels seen in this place.
 G = Mean time per level.
                   A        B        C        D        E       F      G
               +--------+--------+--------+--------+--------+-----+--------+
         Total |   1698 |   1643 |     55 |    228 |   1104 |   2 |  849.0 |
       Dungeon |   1698 |   1643 |     55 |    228 |   1104 |   2 |  849.0 |
               +--------+--------+--------+--------+--------+-----+--------+

Top non-repeatable levels by time:
     D:1: 1116 daAuts
     D:2: 581 daAuts
